 Dungeon Crawl Stone Soup version 0.21-a0-584-g185da8e (webtiles) character file.

9 vishdafish the Charmwright (level 2, 22/22 HPs)
             Began as a Demonspawn Skald on Dec 20, 2017.
             Quit the game on level 1 of the Dungeon.
             The game lasted 00:00:20 (251 turns).

vishdafish the Charmwright (Demonspawn Skald)        Turns: 251, Time: 00:00:21

Health: 22/22      AC:  3    Str: 11    XL:     2   Next: 3%
Magic:  5/5        EV: 12    Int: 14    God:
Gold:   50         SH:  0    Dex: 12    Spells: 4/5 levels left

rFire    . . .     SeeInvis .   a - +0 spear
rCold    . . .     Gourm    .   (no shield)
rNeg     . . .     Faith    .   b - +0 leather armour
rPois    .         Spirit   .   (no helmet)
rElec    .         Reflect  .   (no cloak)
rCorr    .         Harm     .   (no gloves)
MR       .....                  (no boots)
Stlth    +.........             (no amulet)
HPRegen  0.07/turn              (no ring)
MPRegen  0.09/turn              (no ring)

@: no status effects
A: powered by pain 1
a: no special abilities


You were on level 1 of the Dungeon.
You were not hungry.

You visited 1 branch of the dungeon, and saw 1 of its levels.

You collected 50 gold pieces.

Inventory:

Hand Weapons
 a - a +0 spear (weapon)
Armour
 b - a +0 leather armour (worn)
Jewellery
 e - an uncursed ring of wizardry {unknown}
Books
 c - a book of Battle

   Spells                             Type                      Level
   a - Infusion                       Charms                       1
   b - Shroud of Golubria             Charms/Translocation         2
   c - Song of Slaying                Charms                       2
   d - Spectral Weapon                Hexes/Charms                 3
   e - Regeneration                   Charms/Necromancy            3
Comestibles
 d - a ration


   Skills:
 - Level 2.0 Fighting
 * Level 2.1 Polearms
 + Level 1.1 Armour
 + Level 1.9 Dodging
 - Level 2.0 Spellcasting
 + Level 2.8 Charms


You had 4 spell levels left.
You knew the following spells:

 Your Spells              Type           Power        Failure   Level  Hunger
a - Infusion              Chrm           #...         10%         1    ##.....


Dungeon Overview and Level Annotations

Branches:
Dungeon (1/15)

Altars:


Innate Abilities, Weirdness & Mutations

You sometimes gain a little power by taking damage.


Message History

There is an open door here.
Attack whom?
Press: ? - help, Dir - move target cursor, f - hobgoblin
Aim: a hobgoblin You reach to attack!
You hit the hobgoblin but do no damage.
Your leather armour prevents you from hitting the hobgoblin.
The hobgoblin barely misses you.
You hit the hobgoblin.
You kill the hobgoblin!
Attack whom?
Press: ? - help, Dir - move target cursor, f - goblin
Aim: a goblin, wielding a club You reach to attack!
You hit the goblin.
You kill the goblin!
You have reached level 2!
Your demonic ancestry asserts itself...
You feel energised by your suffering.
Are you sure you want to abandon this character and quit the game? (Confirm with "yes".)
Okay, then.
Are you sure you want to abandon this character and quit the game? (Confirm with "yes".)

##........'....................
#.....####.....#.#####..#####
###.....# #.....#.# ##.#
........####.....#.# #.#
.................#.######.######
........###........##...........
........# #.###'##.##...........
........# #.# #.##.##..######.##
....+#### ### #@##.##..#........
.... .....).###.....#........
... ....... #.##..#........
####8.. #.##..#...<.... ##..
#.##....)...... #..
#.##..#........ #..
#.##..#........ #..
#.##..###.##### #.# ...........


There were no monsters in sight!

Vanquished Creatures
  A dart slug (D:1)
  A giant cockroach (D:1)
  A goblin (D:1)
  A hobgoblin (D:1)
  2 frilled lizards (D:1)
  A rat (D:1)
7 creatures vanquished.

Notes
Turn   | Place    | Note
-------+----------+-------------------------------------------
     0 | D:1      | vishdafish the Demonspawn Skald began the quest for the Orb.
     0 | D:1      | Reached XP level 1. HP: 16/16 MP: 3/3
    42 | D:1      | Reached skill level 1 in Armour
   250 | D:1      | Gained mutation: You sometimes gain a little power by taking damage. [demonic ancestry]
   250 | D:1      | Reached XP level 2. HP: 22/22 MP: 5/5
   251 | D:1      | Quit the game

Vault maps used:
D:1:      lemuel_arrival_room, kennysheep_pointless_box

Skill      XL: |  1 |
---------------+----+-----
Armour         | 1 |  1.1
Polearms       | 2 |  2.1
Fighting       | |  2.0
Dodging        | |  1.9
Spellcasting   | |  2.0
Charms         | |  2.8

Action                   || total
-------------------------++-------
Melee: Spear             ||    24
Armor: Leather armour    ||     5
Dodge: Dodged            ||    10

Table legend:
 A = Spawn XP
 B = Non-spawn XP
 C = Spawn XP percentage of total XP
 D = Spawn monster count
 E = Non-spawn monster count
 F = Spawn count percentage of total count
 G = Total turns spent on level
                    A         B        C        D         E        F      G
               +---------+---------+-------+---------+---------+-------+---------
         Total |       0 |      13 |   0.0 |       0 |       7 |   0.0 |   251
               +---------+---------+-------+---------+---------+-------+---------
           D:1 |       0 |      13 |   0.0 |       0 |       7 |   0.0 |   251
               +---------+---------+-------+---------+---------+-------+---------
